 Dungeon Crawl Stone Soup version 0.29.1-15-g9cfb28693d (webtiles) character file.

Game seed: 3625120578784521005

11614 Dirian the Cleaver (level 11, -9/154 (157) HPs)
             Began as a Minotaur Fighter on Mar 4, 2023.
             Was a Priest of Trog.
             Mangled by a death knight
             ... wielding a +0 broad axe
              (13 damage)
             ... on level 9 of the Dungeon.
             The game lasted 00:16:20 (9398 turns).

Dirian the Cleaver (Minotaur Fighter)               Turns: 9398, Time: 00:16:21

HP:   -9/154 (157)  AC: 17    Str: 25    XL:     11   Next: 51%
MP:   10/10         EV: 11    Int:  5    God:    Trog [***...]
Gold: 462           SH: 11    Dex: 10    Spells: 10/10 levels left

rFire   . . .      SeeInvis .   B - +5 war axe
rCold   . . .      Faith    .   y - +2 kite shield
rNeg    . . .      Spirit   .   n - +0 chain mail
rPois   .          Reflect  .   (helmet restricted)
rElec   .          Harm     .   i - +0 cloak
rCorr   .          Rampage  .   (no gloves)
Will    .....                   u - +0 pair of boots
Stlth   ..........              (no amulet)
HPRegen 0.35/turn               j - +4 ring of evasion
MPRegen 0.12/turn               H - +4 ring of protection

@: berserking (expiring), lightly drained, very quick
A: horns 2, retaliatory headbutt
a: Renounce Religion, Berserk, Trog's Hand


You were on level 9 of the Dungeon.
You worshipped Trog.
Trog was most pleased with you.
You visited 1 branch of the dungeon, and saw 9 of its levels.

You collected 462 gold pieces.

Inventory:

Hand Weapons
 B - a +5 war axe (weapon)
 C - a +1 war axe of freezing
Missiles
 s - 3 throwing nets (quivered)
Armour
 i - a +0 cloak (worn)
 n - a +0 chain mail (worn)
 u - a +0 pair of boots (worn)
 y - a +2 kite shield (worn)
 I - the +1 scale mail of Space {rElec}
   (You found it on level 6 of the Dungeon)

   rElec:     It insulates you from electricity.
 J - a +0 plate armour
Jewellery
 j - a +4 ring of evasion (left hand)
 H - a +4 ring of protection (right hand)
Wands
 a - a wand of flame (17)
 c - a wand of paralysis (5)
 x - a wand of mindburst (17)
 D - a wand of iceblast (7)
Scrolls
 b - 2 scrolls of butterflies
 f - 2 scrolls of enchant armour
 o - 4 scrolls of magic mapping
 p - a scroll of poison
 r - 3 scrolls of identify
 t - 2 scrolls of teleportation
 G - 3 scrolls of immolation
Potions
 d - 3 potions of might
 e - 3 potions of degeneration
 g - a potion of ambrosia
 h - 3 potions of haste
 k - 2 potions of mutation
 l - 3 potions of flight
 m - a potion of cancellation
 q - 6 potions of curing
 v - 2 potions of attraction
 w - 5 potions of heal wounds
 z - a potion of lignification {unknown}
 A - a potion of berserk rage {unknown}
 E - a potion of brilliance {unknown}
 F - a potion of invisibility {unknown}


   Skills:
 * Level 12.7 Fighting
 - Level 14.0 Axes
 + Level 8.2 Armour
 - Level 1.0 Dodging
 + Level 7.5 Shields
 - Level 5.0 Evocations


You had 10 spell levels left.
You didn't know any spells.
Your spell library contained the following spells:

 Spells                   Type           Power      Damage    Failure   Level
 Static Discharge         Conj/Air       0%         3-3/arc   100%        2
 Dispel Undead            Necr           0%         3d6       100%        4
 Sticky Flame             Conj/Fire      0%         2d3       100%        4


Dungeon Overview and Level Annotations

Branches:
Dungeon (9/15) Zot: 25393  Temple (0/1) D:7            Lair (0/5) D:8
    Orc (0/2) D:9

Altars:
Hepliaklqana
Kikubaaqudgha
Ru
Trog

Shops:
D:9 [(

Annotations:
D:7 3 runed translucent doors, gargbit's ghost, novice TrFi


Innate Abilities, Weirdness & Mutations

You have a pair of horns on your head.
You reflexively headbutt those who attack you in melee.


Message History

The death knight is moderately wounded.
You block the death knight's attack.
You hit the death knight.
The death knight is moderately wounded.
The death knight reflects your damage back at you!
You barely miss the death knight. Your headbutt misses the death knight.
The death knight is moderately wounded.
You hit the wight. You block the death knight's attack.
You hit the death knight but do no damage.
You headbutt the death knight!
The death knight is heavily wounded.
You hit the wight.
The death knight reflects your damage back at you!
* * * LOW HITPOINT WARNING * * *
You block the wight's attack.
You slash the death knight! Your headbutt misses the death knight.
The death knight is severely wounded.
You barely miss the wight.
The death knight reflects your damage back at you!
* * * LOW HITPOINT WARNING * * *
The death knight hits you but does no damage.
You slash the death knight! Your headbutt misses the death knight.
The death knight is almost dead.
You barely miss the wight.
The death knight reflects your damage back at you!
* * * LOW HITPOINT WARNING * * *
You block the wight's attack.
The death knight hits you with a +0 broad axe!!
* * * LOW HITPOINT WARNING * * *
You slash the death knight!
The death knight is almost dead.
You hit the wight but do no damage.
The death knight reflects your damage back at you!
* * * LOW HITPOINT WARNING * * *
You block the wight's attack.
You closely miss the death knight.
The death knight is almost dead.
You slash the wight!
The death knight hits you with a +0 broad axe!
You die...

#...........##.#.#.#.#.##.....##
............#.#.#.#.#.#.#......##
.##.........##.#.#.#.#.##.......#
.#...#......#.#.#.#.#.#.#.#.#....
......#.....##.#)#)#.#.##..##..##
.....##......##)#.#.#.##...###..#
.....#........##.#(#.##...####..#
...........#...###.###.(..##...##
...........##...@p...............
................|z.#............#
..###.......#...##.##.......#####
..#.......###....#..#.......#
##.....#..##................#
.......##.#..............####
.......##.#......♣~~P♣####
........#..#.....P~~~..#
...........:.....♣~~~...


You could see a death knight (reflects damage) and a wight.

Vanquished Creatures
  3 centaur warriors (D:9)
  A catoblepas (D:9)
  2 ugly things (D:9)
  2 cyclopes (D:9)
  A manticore (D:9)
  A rime drake (shapeshifter) (D:9)
  Psyche (D:8)
  3 trolls (D:9)
  2 hornets
  2 slime creatures (D:7)
  Grinder (D:4)
  2 yaks (D:9)
  3 wyverns (D:9)
  A steam dragon (D:9)
  Menkaure (D:4)
  2 acid dragons
  Edmund (D:5)
  A water moccasin (D:7)
  Duvessa (D:6)
  An ice beast (D:7)
  3 orc warriors (D:9)
  A black bear (D:6)
  3 sky beasts
  4 centaurs
  6 phantoms
  2 kobold brigands (D:7)
  2 bullfrogs
  A gnoll sergeant (D:6)
  2 necrophages (D:4)
  2 scorpions
  7 wights
  Dowan (D:6)
  6 electric eels (D:9)
  A howler monkey (D:8)
  7 orc priests
  7 jellies
  2 gnoll boudas
  3 hounds
  4 iguanas
  6 orc wizards
  10 gnolls
  2 adders
  2 shadow imps (D:5)
  A white imp (D:8)
  A worm (D:2)
  5 dart slugs
  24 orcs
  4 ball pythons
  10 endoplasms
  4 giant cockroaches
  2 goblins
  8 hobgoblins
  4 quokkas
  11 bats
  7 frilled lizards
  10 kobolds
  14 rats
221 creatures vanquished.

Vanquished Creatures (others)
  4 fungi (D:7)
  20 plants
  7 toadstools (D:7)
31 creatures vanquished.

Grand Total: 252 creatures vanquished

Notes
Turn   | Place    | Note
-------+----------+-------------------------------------------
     0 | D:1      | Dirian the Minotaur Fighter began the quest for the Orb.
     0 | D:1      | Reached XP level 1. HP: 19/19 MP: 0/0
   256 | D:1      | Reached XP level 2. HP: 27/27 MP: 1/1
   529 | D:1      | Reached skill level 3 in Axes
  1114 | D:2      | Reached XP level 3. HP: 29/33 MP: 2/2
  1187 | D:2      | Found a faded altar of an unknown god.
  1204 | D:2      | Prayed at the altar of an unknown god.
  1204 | D:2      | Became a worshipper of Trog the Wrathful
  1204 | D:2      | Reached * piety under Trog
  1795 | D:2      | You fall into a shaft and drop 1 floor!
  1795 | D:3      | Found a hazy altar of Hepliaklqana.
  1909 | D:3      | Reached skill level 4 in Axes
  1909 | D:3      | Reached XP level 4. HP: 13/40 MP: 3/3
  2574 | D:3      | Reached ** piety under Trog
  2793 | D:4      | Noticed Grinder
  2808 | D:4      | Noticed a necrophage
  2813 | D:4      | Reached XP level 5. HP: 31/46 MP: 4/4
  2814 | D:4      | Killed Grinder
  2815 | D:4      | Reached skill level 5 in Axes
  2815 | D:4      | Reached skill level 5 in Armour
  2815 | D:4      | Reached skill level 1 in Dodging
  2815 | D:4      | Reached XP level 6. HP: 39/55 MP: 5/5
  2818 | D:4      | Reached skill level 5 in Fighting
  2818 | D:4      | Reached skill level 6 in Axes
  3064 | D:4      | Noticed Menkaure
  3072 | D:4      | Killed Menkaure
  3073 | D:4      | Reached XP level 7. HP: 17/61 MP: 6/6
  3466 | D:4      | Reached skill level 7 in Axes
  3466 | D:4      | Reached skill level 5 in Shields
  3966 | D:5      | Entered Level 5 of the Dungeon
  4077 | D:5      | Reached skill level 8 in Axes
  4363 | D:5      | Reached XP level 8. HP: 70/70 MP: 7/7
  4440 | D:5      | Reached skill level 9 in Axes
  4736 | D:5      | Noticed Edmund
  4749 | D:5      | Killed Edmund
  4750 | D:5      | Reached skill level 10 in Axes
  5240 | D:6      | Identified the +1 scale mail of Space {rElec}
  5242 | D:6      | Noticed Duvessa
  5257 | D:6      | Killed Duvessa
  5258 | D:6      | Reached skill level 11 in Axes
  5372 | D:6      | Noticed Dowan
  5383 | D:6      | Killed Dowan
  5557 | D:6      | Found a sacrificial altar of Ru.
  5645 | D:6      | Found an ancient bone altar of Kikubaaqudgha.
  5910 | D:6      | Reached skill level 1 in Evocations
  5910 | D:6      | Reached XP level 9. HP: 79/79 MP: 8/8
  6154 | D:7      | Found a runed translucent gate.
  6154 | D:7      | Found a runed translucent gate.
  6154 | D:7      | Found a runed translucent gate.
  6177 | D:7      | Noticed gargbit's ghost (novice TrFi)
  6326 | D:7      | Reached skill level 12 in Axes
  6406 | D:7      | Found a staircase to the Ecumenical Temple.
  6582 | D:7      | Reached *** piety under Trog
  6583 | D:7      | Reached skill level 13 in Axes
  7088 | D:8      | Found a staircase to the Lair.
  7165 | D:8      | Reached XP level 10. HP: 20/90 MP: 9/9
  7450 | D:8      | Noticed Psyche
  7457 | D:8      | Killed Psyche
  7935 | D:9      | Reached skill level 14 in Axes
  8047 | D:9      | Found a staircase to the Orcish Mines.
  8048 | D:9      | Found Lacseohual's Armour Shop.
  8049 | D:9      | Found Akeisey's Weapon Shop.
  8827 | D:9      | Reached skill level 10 in Fighting
  8922 | D:9      | Noticed a centaur warrior
  8927 | D:9      | Killed a centaur warrior
  8933 | D:9      | Noticed a centaur warrior
  8936 | D:9      | Noticed a cyclops
  8942 | D:9      | Killed a centaur warrior
  8942 | D:9      | Noticed a death knight
  8943 | D:9      | Reached skill level 5 in Evocations
  8943 | D:9      | Reached XP level 11. HP: 55/102 MP: 10/10
  9094 | D:9      | Noticed a centaur warrior
  9102 | D:9      | Killed a centaur warrior
  9259 | D:9      | Noticed a purple ugly thing
  9259 | D:9      | Noticed a cyan ugly thing
  9260 | D:9      | Noticed a catoblepas
  9275 | D:9      | Killed a cyan ugly thing
  9283 | D:9      | Killed a cyan ugly thing
  9283 | D:9      | Reached **** piety under Trog
  9291 | D:9      | Killed a catoblepas
  9397 | D:9      | HP: 3/154 [mirror damage (6)]
  9398 | D:9      | Mangled by a death knight

Illustrated notes

Levels and vault maps discovered:
D:1:      matt_arrival_debris, layout_basic, minmay_tetromino_o4
D:2:      layout_basic, ebering_ecumenical_altar_ruins
D:3:      layout_basic, marbit_many_paths, serial_bayou_lake_a
D:4:      layout_basic, serial_glass, glass_columns_a, glass_columns_a,
          minivault_24, uniq_menkaure, uniq_grinder
D:5:      layout_loops_ring, corexii_checkpoint_b, uniq_edmund
D:6:      layout_basic, mainiacjoe_overflow_alcove_2,
          mainiacjoe_overflow_24_doors, uniq_duvessa
D:7:      cheibrodos_fertilizer, layout_gridville,
          minmay_temple_entry_sparse_star, gammafunk_ghost_split
D:8:      layout_gridville, lair_entry_dummy, uniq_psyche
D:9:      minmay_the_grid_octo_triangle [minmay_the_grid_octo_checkerflower,
          minmay_the_grid_octo_prize_star, minmay_the_grid_octo_checkered],
          layout_cave_pools, orc_david_3, serial_bayou, serial_bayou_pond_b,
          serial_bayou_pond_e, serial_bayou_shore_a, serial_bayou_pond_e,
          serial_bayou_lagoon_b, serial_bayou_pond_d

Skill      XL: |  1  2  3  4  5  6  7  8  9 10 11 |
---------------+----------------------------------+-----
Armour         | 4 5 6 8 |  8.2
Axes           | 3 4 5 6 8 11 13 14 | 14.0
Shields        | 4 5 6 7 |  7.5
Fighting       | 4 5 6 7 8 11 12 | 12.7
Dodging        | 1 |  1.0
Evocations     | 1 3 5 |  5.0

Action                   |  1- 3 |  4- 6 |  7- 9 | 10-12 || total
-------------------------+-------+-------+-------+-------++-------
Melee: War axe           |   102 |    54 |   235 |   201 ||   592
       Headbutt          |    10 |     6 |    45 |    38 ||    99
Invok: Berserk           |       |     2 |     5 |     3 ||    10
       Trog's Hand       |       |     1 |     2 |     2 ||     5
  Use: Scroll            |       |       |    15 |     3 ||    18
Armor: Scale mail        |    51 |    16 |       |       ||    67
       Chain mail        |       |     1 |    79 |    60 ||   140
Dodge: Dodged            |    48 |    26 |    91 |    73 ||   238
Block: Buckler           |    27 |    20 |    33 |       ||    80
       Kite shield       |       |       |    45 |   102 ||   147
